 Dungeon Crawl Stone Soup version 0.29-a0-817-g9904bce7a6 (webtiles) character file.

Game seed: 816171261013941884

8 inmateoo the Covered (level 2, 0/19 HPs)
             Began as a Tengu Fighter on July 5, 2022.
             Slain by a gnoll
             ... wielding a +0 spear
              (5 damage)
             ... on level 1 of the Dungeon.
             The game lasted 00:00:29 (229 turns).

inmateoo the Covered (Tengu Fighter)                 Turns: 229, Time: 00:00:30

Health: 0/19       AC:  6    Str: 16    XL:     2   Next: 8%
Magic:  3/3        EV:  9    Int:  8    God:
Gold:   23         SH:  4    Dex: 13    Spells: 1/1 levels left

rFire   . . .      SeeInvis .   a - +0 trident
rCold   . . .      Faith    .   c - +0 buckler
rNeg    . . .      Spirit   .   b - +0 scale mail
rPois   .          Reflect  .   (helmet restricted)
rElec   .          Harm     .   (no cloak)
rCorr   .          Rampage  .   (no gloves)
Will    .....                   (boots unavailable)
Stlth   ..........              (no amulet)
HPRegen 0.06/turn               (no ring)
MPRegen 0.08/turn               (no ring)

@: no status effects
A: beak, talons 3
a: no special abilities


You were on level 1 of the Dungeon.
You visited 1 branch of the dungeon, and saw 1 of its levels.

You collected 23 gold pieces.

Inventory:

Hand Weapons
 a - a +0 trident (weapon)
Armour
 b - a +0 scale mail (worn)
 c - a +0 buckler (worn)
Scrolls
 e - a scroll of fear {unknown}
 f - a scroll of teleportation {unknown}
Potions
 d - a potion of might


   Skills:
 + Level 3.0 Fighting
 * Level 2.5 Polearms
 + Level 3.4 Armour
 + Level 0.5 Dodging
 + Level 3.0 Shields


You had one spell level left.
You didn't know any spells.
Your spell library was empty.

Dungeon Overview and Level Annotations

Branches:
Dungeon (1/15)

Altars:


Innate Abilities, Weirdness & Mutations

You have a beak for a mouth.
You have claws for feet.


Message History

The quokka closely misses you. The quokka bites you.
A quokka is nearby!
You barely miss the quokka.
The quokka is almost dead.
You block the quokka's attack.
A quokka is nearby!
You closely miss the quokka. You claw the quokka.
You kill the quokka!
No target in view!
A gnoll comes into view. It is wielding a +0 spear.
Found a fuming purple potion.
The gnoll shouts!
A gnoll is nearby!
The gnoll hits you but does no damage.
You reach to attack!
You hit the gnoll.
The gnoll is heavily wounded.
The gnoll hits you but does no damage.
You reach to attack!
You barely miss the gnoll.
The gnoll is heavily wounded.
The gnoll completely misses you.
You reach to attack!
You completely miss the gnoll.
The gnoll is heavily wounded.
The gnoll hits you from afar with a +0 spear.
You reach to attack!
You hit the gnoll but do no damage.
The gnoll is heavily wounded.
The gnoll hits you from afar with a +0 spear.
You reach to attack!
You hit the gnoll.
The gnoll is heavily wounded.
You block the gnoll's attack.
The gnoll hits you from afar with a +0 spear!
* * * LOW HITPOINT WARNING * * *
You are too injured to fight recklessly!
Unknown command.
Reach: a) +0 trident
Press: ? - help, Dir - move target, f/p - gnoll
Aim: a gnoll, wielding a +0 spear (heavily wounded, about 39% to evade your +0 trident)
You reach to attack!
You hit the gnoll but do no damage.
The gnoll is heavily wounded.
The gnoll hits you from afar with a +0 spear.
You die...

#.####.##.## #.# #.#
[# #.# #.# .# # #.#
#.# .#
##.##########.####.#
...................#
#............######
#.......######
#.....@.# .........#
##!..g...# #.......#
...!.....#
##########


You could see a gnoll.

Vanquished Creatures
  A giant cockroach (D:1)
  A goblin (D:1)
  A hobgoblin (D:1)
  2 quokkas (D:1)
  A ball python (D:1)
  A rat (D:1)
7 creatures vanquished.

Notes
Turn   | Place    | Note
-------+----------+-------------------------------------------
     0 | D:1      | inmateoo the Tengu Fighter began the quest for the Orb.
     0 | D:1      | Reached XP level 1. HP: 14/14 MP: 2/2
   197 | D:1      | Reached XP level 2. HP: 19/19 MP: 3/3
   229 | D:1      | Slain by a gnoll

Illustrated notes

Levels and vault maps discovered:
D:1:      lightli_arrival_quake, layout_loops_ring,
          chequers_serial_rivers_small_b, minmay_domino_2

Action                   || total
-------------------------++-------
Melee: Trident           ||    25
       Kick              ||     2
       Peck              ||     1
Armor: Scale mail        ||     6
Dodge: Dodged            ||     6
Block: Buckler           ||     3

Table legend: (Time is in decaauts)
 A = Elapsed time spent in this place.
 B = Non-inter-level travel time spent in this place.
 C = Inter-level travel time spent in this place.
 D = Time resting spent in this place.
 E = Time spent auto-exploring this place.
 F = Levels seen in this place.
 G = Mean time per level.
                   A        B        C        D        E       F      G
               +--------+--------+--------+--------+--------+-----+--------+
         Total |    235 |    235 |      0 |      0 |    173 |   1 |  235.0 |
       Dungeon |    235 |    235 |      0 |      0 |    173 |   1 |  235.0 |
               +--------+--------+--------+--------+--------+-----+--------+

Top non-repeatable levels by time:
     D:1: 235 daAuts
